[Event "30th Tamil Nadu IM Norm 2024"]
[Site "Coimbatore"]
[Date "2024.10.03"]
[Round "5.5"]
[White "Arnav Maheshwari"]
[Black "Aakash G"]
[Result "1/2-1/2"]
[ECO "D07"]
[WhiteElo "2293"]
[BlackElo "2279"]
[Annotator "TA"]
[PlyCount "45"]
[EventDate "2024.09.15"]
[EventCountry "IND"]
[SourceTitle "playchess.com"]
[Source "ChessBase"]
[SourceQuality "1"]
[TimeControl "5400+30"]

1. d4 d5 2. c4 Nc6 3. Nf3 Bg4 4. e3 e5 5. dxe5 dxc4 6. Qxd8+ Rxd8 7. Bxc4 {[%emt 0:01:50] [#]} Nxe5 $1 8. Bb5+ (8. Be2 Nd3+) 8... c6 9. Be2 {[%emt 0:00:10] Black has an edge.} Bb4+ (9... Nxf3+ {simplifies} 10. gxf3 Be6 11. Nc3 f5) 10. Bd2 Bxf3 11. gxf3 Bxd2+ 12. Nxd2 Nf6 13. O-O-O Nd3+ 14. Bxd3 Rxd3 15. Nc4 Rxd1+ 16. Rxd1 $11 {[%emt 0:00:35][%mdl 4096] Endgame. Strongly threatening Nd6+. KRN-KRN} Ke7 17. Rd3 Rb8 18. Ra3 a6 $1 19. Rb3 Nd7 (19... Kd7 $1 $11) 20. Rd3 (20. Na5 $14) 20... Nf6 (20... b5 $11 21. Nd2 Rb6) 21. Rb3 (21. Na5 $1 $14 {was preferrable.}) 21... Nd7 (21... Kd7 $11) 22. Rd3 ({White should play} 22. Na5 $14) 22... Nf6 ({Black should try} 22... b5 $15 23. Nd2 c5) 23. Rb3 {[%emt 0:00:06] Weighted Error Value: White=0.20 (precise) /Black=0.23 (precise) .  Mistake:       	White=4     	Black=4      Inaccurate:     	---       	Black=1      OK:         	White=6     	Black=6      Best:        	White=1     	---        Strong:       	---       	Black=1} (23. Na5 $1 $14) 1/2-1/2

[Event "30th Tamil Nadu IM Norm 2024"]
[Site "Coimbatore"]
[Date "2024.10.03"]
[Round "6.1"]
[White "Bharadia Yash"]
[Black "Aakash G"]
[Result "1-0"]
[ECO "B90"]
[WhiteElo "2415"]
[BlackElo "2279"]
[Annotator "RC"]
[PlyCount "75"]
[EventDate "2024.09.15"]
[EventCountry "IND"]
[SourceTitle "playchess.com"]
[Source "ChessBase"]
[SourceQuality "1"]
[TimeControl "5400+30"]

1. e4 c5 2. Nf3 d6 3. d4 cxd4 4. Nxd4 Nf6 5. Nc3 a6 6. Be3 e5 7. Nb3 Be7 8. f3 Be6 9. Qd2 h5 10. Nd5 Nxd5 11. exd5 Bf5 12. Be2 Nd7 13. O-O Rc8 14. c4 O-O 15. Na5 Qc7 16. b4 Bg6 17. c5 Nb8 18. Rac1 dxc5 19. bxc5 Qd7 20. Rfd1 f5 21. Qb2 f4 22. Bf2 e4 23. fxe4 Bxe4 24. Qxb7 Qe8 25. Qb3 Bd8 26. Nc4 Bxg2 27. Kxg2 Qxe2 28. Qf3 Qxa2 29. c6 Rf6 30. Re1 Bc7 31. Kh1 Qa4 32. Bd4 Rf7 33. Rg1 Rd8 34. Bxg7 Rxg7 35. Rxg7+ Kxg7 36. Rg1+ Kf6 37. Qe4 Qxc4 38. Qe6# 1-0

[Event "30th Tamil Nadu IM Norm 2024"]
[Site "Coimbatore"]
[Date "2024.10.03"]
[Round "6.2"]
[White "Podolchenko, Evgeniy"]
[Black "Arnav Maheshwari"]
[Result "1/2-1/2"]
[ECO "D46"]
[WhiteElo "2338"]
[BlackElo "2293"]
[Annotator "RC"]
[PlyCount "45"]
[EventDate "2024.09.15"]
[EventCountry "IND"]
[SourceTitle "playchess.com"]
[Source "ChessBase"]
[SourceQuality "1"]
[TimeControl "5400+30"]

1. d4 Nf6 2. c4 c6 3. Nc3 d5 4. Nf3 e6 5. e3 Nbd7 6. Qc2 Bd6 7. Bd3 O-O 8. O-O dxc4 9. Bxc4 b5 10. Be2 a6 11. e4 e5 12. Bg5 h6 13. Bh4 exd4 14. Nxd4 Qc7 15. Nf5 Bxh2+ 16. Kh1 Be5 17. f4 Bxf4 18. Rxf4 Qxf4 19. Bg3 Qg5 20. Bh4 Qf4 21. Bg3 Qg5 22. Bh4 Qf4 23. Bg3 1/2-1/2

[Event "30th Tamil Nadu IM Norm 2024"]
[Site "Coimbatore"]
[Date "2024.10.03"]
[Round "6.3"]
[White "Mohamed Anees M"]
[Black "Manik, Mikulas"]
[Result "1-0"]
[ECO "A01"]
[WhiteElo "2347"]
[BlackElo "2316"]
[Annotator "RC"]
[PlyCount "83"]
[EventDate "2024.09.15"]
[EventCountry "IND"]
[SourceTitle "playchess.com"]
[Source "ChessBase"]
[SourceQuality "1"]
[TimeControl "5400+30"]

1. b3 e5 2. Bb2 Nc6 3. Nf3 e4 4. Nd4 Nf6 5. e3 d5 6. Nxc6 bxc6 7. d3 Bd6 8. Nd2 O-O 9. dxe4 Re8 10. exd5 Nxd5 11. Qf3 Qh4 12. g3 Qg5 13. Be2 Bf5 14. O-O Bxc2 15. Nc4 Be4 16. Qg4 Qxg4 17. Bxg4 Nb6 18. Nd2 Bd5 19. e4 Be6 20. Bxe6 Rxe6 21. Bc3 Be5 22. Bxe5 Rxe5 23. Rac1 Rd8 24. Rc2 c5 25. Re1 f5 26. f4 Re7 27. e5 Nd5 28. a3 c6 29. Re2 h6 30. Rxc5 g5 31. fxg5 hxg5 32. Rxc6 g4 33. Rd6 Rxd6 34. exd6 Rxe2 35. d7 Rxd2 36. d8=Q+ Kf7 37. Qd6 Rd4 38. b4 f4 39. Qd7+ Kf6 40. gxf4 Rd3 41. Qxg4 Ne3 42. Qg5+ 1-0

[Event "30th Tamil Nadu IM Norm 2024"]
[Site "Coimbatore"]
[Date "2024.10.03"]
[Round "6.4"]
[White "Tologon tegin, Semetei"]
[Black "Annageldyev, Orazly"]
[Result "1-0"]
[ECO "B07"]
[WhiteElo "2337"]
[BlackElo "2105"]
[Annotator "RC"]
[PlyCount "88"]
[EventDate "2024.09.15"]
[EventCountry "IND"]
[SourceTitle "playchess.com"]
[Source "ChessBase"]
[SourceQuality "1"]
[TimeControl "5400+30"]

1. d4 Nf6 2. Nc3 g6 3. Bf4 Bg7 4. e4 d6 5. Qd2 O-O 6. O-O-O Nc6 7. Bh6 e5 8. Bxg7 Kxg7 9. dxe5 dxe5 10. Qe3 Qe7 11. Nd5 Nxd5 12. exd5 Nd8 13. Re1 f6 14. f4 Nf7 15. fxe5 Qxe5 16. Qd2 Qd6 17. Bc4 Bd7 18. Ne2 Ne5 19. Bb3 c6 20. Nc3 cxd5 21. Nxd5 Bc6 22. Rd1 Bxd5 23. Bxd5 Qc7 24. Qb4 Rac8 25. Qxb7 Qxb7 26. Bxb7 Rc7 27. Bd5 Ng4 28. Rd2 f5 29. c4 Ne3 30. b3 Rd8 31. Bf3 Rxd2 32. Kxd2 f4 33. Rc1 Kf6 34. Kd3 g5 35. h3 Ke5 36. c5 a5 37. a3 h6 38. b4 axb4 39. axb4 Ra7 40. b5 Ra3+ 41. Rc3 Ra5 42. b6 Rb5 43. b7 Nd5 44. Bxd5 Kxd5 1-0

[Event "30th Tamil Nadu IM Norm 2024"]
[Site "Coimbatore"]
[Date "2024.10.03"]
[Round "6.5"]
[White "Nandish V S"]
[Black "Dhruva Thota"]
[Result "0-1"]
[ECO "A36"]
[WhiteElo "2212"]
[BlackElo "2342"]
[Annotator "RC"]
[PlyCount "58"]
[EventDate "2024.09.15"]
[EventCountry "IND"]
[SourceTitle "playchess.com"]
[Source "ChessBase"]
[SourceQuality "1"]
[TimeControl "5400+30"]

1. c4 Nf6 2. Nc3 g6 3. g3 Bg7 4. Bg2 O-O 5. e4 d6 6. Nge2 c5 7. O-O Nc6 8. d3 Rb8 9. h3 Ne8 10. Be3 Nc7 11. d4 b5 12. cxb5 Nxb5 13. dxc5 dxc5 14. Nxb5 Rxb5 15. Rb1 Qb6 16. b3 Ba6 17. Nf4 Ra5 18. Re1 Rxa2 19. b4 Nxb4 20. Nd5 Qa5 21. Nxe7+ Kh8 22. Qd6 Nc2 23. Bg5 Nxe1 24. Bf6 Rd8 25. Qe5 h5 26. Bxg7+ Kh7 27. Qf6 Qd2 28. Nc6 Rd6 29. Rb8 Rxf6 0-1